Alex, neutral male human Archeologist -------- ###############.......| # |...>..| *###########@#I# |......| ------- ------ #---------- # |......-#########......| |....-#####|........|### --.----- # |.%...| |....| |.........# ####......| |....| #.........| # -----.- |....+#####--.------- # ### # |....| # # # # |....| # # ### # ------ # # # # ### ------- -.--------# # # # |.....| |........|# #### --|-.-- #-.....-#########.........|# -.-.-- |`....| ###|.....| |........-# |....| |.....| ## ------- ---------- |....| |.{..<.### |....| ------- ------ Alex the Digger Experience level: 1 Strength: 11 Dexterity: 11 Constitution: 11 Intelligence: 16 Wisdom: 18 Charisma: 8 Health: 0(17) Energy: 3(3) Def: 9 Gold: 414 Moves: 2057 Dungeon seed: gopU73rgPXXGveK7 Game ID: Alex_1690447141 Your Inventory: Coins $ - 414 gold pieces Weapons a - an uncursed +2 bullwhip named 1615 pray Armor e - an uncursed +0 cloak of protection (being worn) n - an uncursed +0 fedora (being worn) r - an uncursed +0 bronze plate mail (being worn) Comestibles b - 2 uncursed food rations i - an uncursed egg m - 2 uncursed apples v - an uncursed lichen corpse x - an uncursed tin of yellow mold Tools c - an uncursed oil lamp (0:1418) d - an uncursed +0 pick-axe (weapon in hand) f - an uncursed tinning kit (0:67) g - an uncursed sack Gems q - an uncursed touchstone Contents of the sack: an uncursed scroll of enchant weapon a blessed scroll of identify an uncursed scroll of identify an uncursed spellbook of sleep an uncursed potion of confusion an uncursed potion of paralysis an uncursed potion of speed an uncursed potion of water Spells and supernatural/magical abilities: Name Level Category Cost Memory W - pray for help -- divine ? -- Your skills at the end: Fighting Skills wands [Basic] Weapon Skills pick-axe [Basic] whip [Basic] Spellcasting Skills Final Attributes: You were fervently aligned. You were stealthy. You were protected. You were fast. You last prayed 442 turns ago. Camaxtli was noncommittal. You are dead. Vanquished creatures: a gas spore 2 giant rats a yellow mold 8 jackals a fox a kobold 2 goblins 4 grid bugs 3 lichens 5 newts 28 creatures vanquished. Voluntary challenges: You never hit with a wielded weapon. You were a pacifist. You were illiterate. You never genocided any monsters. You never polymorphed an object. You never changed form. You used no wishes. You never split a pudding. You never wrote Elbereth's name. You never violated your personal moral code. Dungeon overview: The Dungeons of Doom: levels 1 to 4 Level 1 a long staircase Level 2 a fountain Level 3 <- You were here a fountain stairs to The Gnomish Mines Level 4 The Gnomish Mines: Level 4 stairs to The Dungeons of Doom History has recorded: On T:1 you entered the Dungeons of Doom to retrieve the Amulet of Yendor! On T:242 you reached level 2 of The Dungeons of Doom. On T:1136 you reached level 3 of The Dungeons of Doom. On T:1717 you reached level 4 of The Dungeons of Doom. On T:1744 you reached level 1 of The Gnomish Mines. Score breakdown: Gold: 414 ( 8905 points) Experience: 1 level ( 0 points) Exploration: 4 levels ( 7.69%) ( 7276 points) Discoveries: 4 items ( 1.32%) ( 3452 points) Valuables value: (no points given unless you survive) Artifact value: 0 ( 0 points) Variety of kills: 10 monsters ( 2.63%) ( 4866 points) Turncount: 2057 turns ( -42 points) Survival: died (score multiplied by 80%) Total score: 19565 Latest messages: x - a tin of yellow mold. You swing your pick-axe through thin air. With great effort you move the boulder. You try to move the boulder, but in vain. You start hitting the boulder. You hit the boulder with all your might. You try to move the boulder, but in vain. (4x) The boulder falls apart. You see here 49 rocks. The door resists! (10x) The door opens. You finish searching. [20 turns] You displace your large cat. You finish searching. [20 turns] This door is locked. You have nothing to unlock that with. This door is locked. You stop exploring. You displace your large cat. You hear some noises nearby. The gas spore is killed! You are caught in the gas spore's explosion! Final status: Goodbye Alex the Archeologist, killed by a gas spore's explosion... You died in The Dungeons of Doom on dungeon level 3 with 19565 points, and 414 pieces of gold, after 2057 moves. You were level 1 with a maximum of 17 hit points when you died.